 Dungeon Crawl Stone Soup version 0.19.5 (webtiles) character file.

3178 McKennaii the Thaumaturge (level 9, -3/46 HPs)
             Began as a Deep Elf Fire Elementalist on May 10, 2017.
             Killed from afar by a ynoxinul (25 damage)
             ... with an iron shot
             ... on level 2 of the Abyss.
             The game lasted 00:21:48 (5505 turns).

McKennaii the Thaumaturge (DEFE)                    Turns: 5505, Time: 00:21:52

Health: -3/46      AC:  7    Str:  7    XL:     9   Next: 63%
Magic:  0/26       EV: 10    Int: 27    God:
Gold:   367        SH:  0    Dex: 10    Spells: 4 memorised, 19 levels left

rFire  + . .     SeeInvis +     D - +5 spear of Karma {protect, rF+ Int+3 Dex-3}
rCold  . . .     Gourm    +     G - +4 ring mail of Freedom {+Fly rPois Slay+5 SInv}
rNeg   . . .     Faith    .     (no shield)
rPois  +         Spirit   .     (no helmet)
rElec  .         Reflect  .     A - +0 cloak
rCorr  .         Harm     .     (no gloves)
MR     .....                    (no boots)
Stlth  ++........               v - amulet of the gourmand
                                (no ring)
                                h - +2 ring of strength

@: studying Short Blades
A: blurry vision 1, clumsy 1, deformed body
a: Evoke Flight


You were on level 2 of the Abyss.
You were not hungry.

You visited 1 branch of the dungeon, and saw 7 of its levels.
You visited the Abyss 1 time.

You collected 367 gold pieces.

Inventory:

Hand Weapons
 D - the +5 spear of Karma (weapon) {protect, rF+ Int+3 Dex-3}
   (You found it on level 5 of the Dungeon)

   It protects the one who uses it against injury (+AC on strike).
   It affects your intelligence (+3).
   It affects your dexterity (-3).
   It protects you from fire.
Armour
 a - a +0 robe
 e - a +0 pair of boots
 A - a +0 cloak (worn)
 G - the +4 ring mail of Freedom (worn) {+Fly rPois Slay+5 SInv}
   (You found it on level 6 of the Dungeon)

   It affects your accuracy and damage with ranged weapons and melee attacks
   (+5).
   It protects you from poison.
   It lets you see invisible.
   It lets you fly.
Jewellery
 h - a +2 ring of strength (left hand)
 v - an amulet of the gourmand (around neck)
Wands
 t - a wand of iceblast (2/15)
 y - a wand of flame (23/48)
 B - a wand of teleportation (3/9)
Scrolls
 d - 6 scrolls of identify
 j - 2 scrolls of amnesia
 l - 2 scrolls of blinking
 m - a scroll of fear {unknown}
 n - a scroll of remove curse
 p - a scroll of recharging {unknown}
 q - 8 scrolls of teleportation
 r - 2 scrolls of immolation
 s - 2 scrolls of enchant weapon {unknown}
 F - a scroll of noise {unknown}
Potions
 f - a potion of magic {unknown}
 i - 2 potions of might {unknown}
 k - 2 potions of lignification {unknown}
 o - a potion of ambrosia {unknown}
 u - 2 potions of curing {unknown}
 x - a potion of heal wounds {unknown}
 C - a potion of brilliance {unknown}
Books
 b - a book of Flames

   Spells                             Type                      Level
   a - Flame Tongue                   Conjuration/Fire             1
   b - Throw Flame                    Conjuration/Fire             2
   c - Conjure Flame                  Conjuration/Fire             3
   d - Inner Flame                    Hexes/Fire                   3
   e - Sticky Flame                   Conjuration/Fire             4
   f - Fireball                       Conjuration/Fire             5
 E - a manual of Short Blades
Comestibles
 c - 11 bread rations
 g - 5 beef jerkies
 w - 3 meat rations


   Skills:
 + Level 0.8 Fighting
 + Level 1.0 Armour
 + Level 3.8 Dodging
 + Level 4.0 Stealth
 + Level 11.2 Spellcasting
 + Level 7.3 Conjurations
 + Level 8.6 Fire Magic


You had 19 spell levels left.
You knew the following spells:

 Your Spells              Type           Power        Failure   Level  Hunger
a - Flame Tongue          Conj/Fire      #####        1%          1    None
b - Throw Flame           Conj/Fire      ######       1%          2    None
c - Conjure Flame         Conj/Fire      ######..     1%          3    None
f - Fireball              Conj/Fire      ######....   17%         5    ###....


Dungeon Overview and Level Annotations

Branches:
Dungeon (7/15)
 Temple: D:4-7

Altars:
Cheibriados
Elyvilon
Fedhas
Kikubaaqudgha
Ru
Sif Muna
Trog
Xom
The Shining One


Innate Abilities, Weirdness & Mutations

Scrolls take you a little longer to read.
You are clumsy. (Dex -2)
Armour fits poorly on your strangely shaped body.


Message History

Press: ? - help, Shift-Dir - straight line, f/p - ynoxinul
Aim: a ynoxinul (almost dead)
The flame tongue hits the ufetubus.
The ufetubus is burned terribly!
The ufetubus is severely wounded.
The ufetubus is engulfed in roaring flames.
You kill the ufetubus!
The ynoxinul gestures.
Casting: Flame Tongue
Confirm with . or Enter, or press ? or * to list all spells.
Aiming: Flame Tongue
Press: ? - help, Shift-Dir - straight line, f/p - ynoxinul
Aim: a ynoxinul (almost dead)
The flame tongue hits the ufetubus.
The ufetubus is burned terribly!
The ufetubus is heavily wounded.
The ufetubus is engulfed in roaring flames.
You kill the ufetubus!
The ynoxinul gestures at you. The iron shot hits you!
Ouch! That really hurt!
You die... # โ‰ˆโ‰ˆโ‰ˆ

# #### #. #.# #.
#.# ##.## # .
#...# ###..# . #
## #....# . . #
#.## ...# #
#@##... # . #ยง#
##..
#...'535.?......
. #...##5#. ##
##X # # #...# .
.. .... . .
...... .... ..
#####.#.


You could see a ynoxinul and 3 ufetubi.

Vanquished Creatures
  Pikel (D:5)
  Grinder (D:3)
  Sigmund (D:3)
  A neqoxec (Abyss:2)
  3 small abominations (Abyss:2)
  An orc warrior (D:6)
  2 sky beasts
  A slave (D:5)
  3 ogres
  A necrophage (D:5)
  3 centaurs
  2 bullfrogs
  2 scorpions
  A wight (D:5)
  A crimson imp (D:6)
  2 hounds
  2 orc priests
  4 orc wizards
  A bullfrog skeleton (D:4)
  An iguana (D:5)
  An iron imp (Abyss:2)
  Ijyb (D:3)
  Natasha (D:2)
  5 worker ants
  A hound zombie (D:6)
  6 gnolls
  2 howler monkey skeletons
  A worker ant zombie (D:5)
  7 adders
  A shadow imp (D:5)
  An ooze (D:6)
  An adder zombie (D:6)
  6 worms
  4 dart slugs
  8 leopard geckos
  30 orcs
  11 bats
  10 giant cockroaches
  5 goblins (D:2)
  4 hobgoblins
  8 jackals
  10 kobolds
  A quokka (D:2)
  A ball python (D:2)
  A ball python skeleton (D:4)
  4 frilled lizards
  A leopard gecko zombie (D:5)
  A quokka skeleton (D:6)
  12 rats
179 creatures vanquished.

Vanquished Creatures (others)
  3 orcs (D:5)
3 creatures vanquished.

Grand Total: 182 creatures vanquished

Notes
Turn   | Place    | Note
-------+----------+-------------------------------------------
     0 | D:1      | McKennaii the Deep Elf Fire Elementalist began the quest for the Orb.
     0 | D:1      | Reached XP level 1. HP: 10/10 MP: 6/6
   300 | D:1      | Reached XP level 2. HP: 15/15 MP: 6/8
   840 | D:2      | Noticed Natasha
   845 | D:2      | Noticed a crimson imp
   860 | D:2      | Noticed a crimson imp
   879 | D:2      | Killed Natasha
   879 | D:2      | Reached XP level 3. HP: 15/19 MP: 6/10
   922 | D:2      | Learned a level 2 spell: Throw Flame
   926 | D:2      | Learned a level 3 spell: Conjure Flame
  1132 | D:2      | Reached skill level 4 in Spellcasting
  1198 | D:2      | Reached XP level 4. HP: 24/24 MP: 3/12
  1326 | D:2      | Found a bloodstained altar of Trog.
  1840 | D:3      | Noticed Grinder
  1858 | D:3      | Paralysed by Grinder for 3 turns
  1909 | D:3      | Killed Grinder
  1909 | D:3      | Reached skill level 5 in Spellcasting
  1909 | D:3      | Reached XP level 5. HP: 18/28 MP: 2/15
  1909 | D:3      | Reached XP level 6. HP: 21/32 MP: 2/16
  1916 | D:3      | Learned a level 5 spell: Fireball
  1924 | D:3      | Noticed Sigmund
  2030 | D:3      | Killed Sigmund
  2030 | D:3      | Reached skill level 6 in Spellcasting
  2030 | D:3      | Reached skill level 5 in Fire Magic
  2365 | D:3      | Reached XP level 7. HP: 36/36 MP: 10/18
  2538 | D:3      | Noticed Ijyb
  2543 | D:3      | Killed Ijyb
  2963 | D:4      | Reached skill level 7 in Spellcasting
  3309 | D:5      | Entered Level 5 of the Dungeon
  3371 | D:5      | Found an ancient bone altar of Kikubaaqudgha.
  3419 | D:5      | Reached XP level 8. HP: 41/41 MP: 6/21
  3640 | D:5      | Reached skill level 8 in Spellcasting
  3640 | D:5      | Reached skill level 5 in Conjurations
  3742 | D:5      | Noticed Pikel
  3755 | D:5      | Killed Pikel
  3782 | D:5      | Found a deep blue altar of Sif Muna.
  3790 | D:5      | Reached skill level 9 in Spellcasting
  3915 | D:5      | Found a blossoming altar of Fedhas.
  3925 | D:5      | Got a scorched spear
  3990 | D:5      | Identified the +5 spear of Karma {protect, rF+ Int+3 Dex-3} (You found it on level 5 of the Dungeon)
  4152 | D:5      | Found a glowing golden altar of the Shining One.
  4155 | D:5      | Found a shimmering altar of Xom.
  4159 | D:5      | Found a sacrificial altar of Ru.
  4209 | D:5      | Found a snail-covered altar of Cheibriados.
  4323 | D:6      | Found a white marble altar of Elyvilon.
  4340 | D:6      | Reached XP level 9. HP: 46/46 MP: 8/24
  4408 | D:6      | Got a twisted ring mail
  4419 | D:6      | Identified the +4 ring mail of Freedom {+Fly rPois Slay+5 SInv} (You found it on level 6 of the Dungeon)
  4646 | D:6      | Reached skill level 10 in Spellcasting
  5313 | D:7      | Cast into level 2 of the Abyss (a distortion unwield)
  5375 | Abyss:2  | Noticed a large abomination
  5385 | Abyss:2  | Reached skill level 11 in Spellcasting
  5427 | Abyss:2  | Gained mutation: Armour fits poorly on your strangely shaped body. [a neqoxec]
  5430 | Abyss:2  | Gained mutation: You are clumsy. (Dex -2) [a neqoxec]
  5448 | Abyss:2  | Gained mutation: Scrolls take you a little longer to read. [a neqoxec]
  5451 | Abyss:2  | Reached skill level 1 in Armour
  5505 | Abyss:2  | Killed from afar by a ynoxinul

Skill      XL: |  1  2  3  4  5  6  7  8  9 |
---------------+----------------------------+-----
Dodging        | 3 |  3.8
Fire Magic     | 4 5 6 7 8 |  8.6
Spellcasting   | 4 5 6 7 9 11 | 11.2
Stealth        | 3 4 |  4.0
Conjurations   | 3 4 6 7 |  7.3
Armour         | 1 |  1.0
Fighting       | |  0.8

Action                   |  1- 3 |  4- 6 |  7- 9 || total
-------------------------+-------+-------+-------++-------
Melee: Unarmed           |     1 |     1 |     8 ||    10
       Spear             |       |       |    14 ||    14
 Cast: Flame Tongue      |    63 |    68 |   297 ||   428
       Throw Flame       |       |     6 |    12 ||    18
       Conjure Flame     |       |     3 |     9 ||    12
       Fireball          |       |       |     6 ||     6
  Use: Scroll            |       |       |     9 ||     9
  Eat: Chunk             |     1 |     3 |    16 ||    20
Armor: Robe              |    12 |     1 |    11 ||    24
       Ring mail         |       |       |    17 ||    17
Dodge: Dodged            |    21 |    10 |    70 ||   101
